[Event "*** Titled Tuesday Blitz"]
[Site "Chess.com"]
[Date "2019.10.01"]
[Round "5"]
[White "Nbk90"]
[Black "GremioPrudente"]
[Result "0-1"]
[WhiteElo "2468"]
[BlackElo "2282"]
[TimeControl "180+2"]
[EndTime "14:13:40 PDT"]
[Termination "GremioPrudente won by resignation"]

1. d4 d5 2. c4 c6 3. Nf3 e6 4.
Nc3 dxc4 5. a4 Bb4 6. e4 b5 7.
Be2 Bb7 8. O-O a6 9. Qc2 Nf6 10.
e5 Nd5 11. Ne4 Nd7 12. b3 cxb3 13. Qxb3 O-O 14. Qc2 N7b6 15. Neg5 g6 16. axb5 cxb5 17. Bd2 Rc8 18. Qe4 Bxd2 19. Qh4 Bxg5 20. Nxg5 h5 21.
Bxh5 Kg7 22. Bxg6 Kxg6 23. Qh7+ Kxg5 24. Qg7+ Kf5 25. Qh7+ Kg5 26. h4+ Kf4 27. Rae1 Nc3 28. Qh6+ Kg4 29. Re3 Ne2+ 30. Rxe2 Qxh4 31. Qg7+ Qg5 32.
f3+ Kf4 33. Qh7 Qg6 34. Qh4+ Kf5 35. g4+ Kf4 36. Kg2 Rh8 37. Qg3+ Kg5 38. Kf2 Kh6 39. Re3 Kg7 40. Qf4 Qh6 41. g5 Qh2+ 42.
Qxh2 Rxh2+ 43. Kg3 Rch8 44. g6 fxg6 45. Rc3 R8h3+ 46.
Kg4 Rh4+ 47. Kg3 R2h3+ 48. Kg2 Nd5 49. Rc5 Kh6 50. Kf2 Rh2+ 51. Ke1 Ne3 52. Rf2 Rxf2 53. Kxf2 Nd5 54. Rc1 Rxd4 0-1

[Event "*** Titled Tuesday Blitz"]
[Site "Chess.com"]
[Date "2019.10.01"]
[Round "5"]
[White "kosmeg"]
[Black "yuki_chess123"]
[Result "1-0"]
[WhiteElo "2498"]
[BlackElo "2181"]
[TimeControl "180+2"]
[EndTime "14:13:41 PDT"]
[Termination "kosmeg won by resignation"]

1. d4 g6 2. e4 Bg7 3. Nf3 c6 4. Bd3 d5 5. exd5 cxd5 6. O-O Nc6 7. c3 Bg4 8. Nbd2 Nf6 9. h3 Bxf3 10. Nxf3 O-O 11.
Re1 a6 12. a4 Re8 13. Bf4 Nd7 14. Qd2 e5 15. dxe5 Ndxe5 16. Nxe5 Nxe5 17. Bf1 Qd7 18. a5 Rad8 19. Bg5 Rc8 20. Rad1 Qf5 21. Be3 Nc4 22. Bxc4 dxc4 23. Qd5 Qxd5 24. Rxd5 Bh6 25. Rd7 Bxe3 26. Rxe3 Rxe3 27. fxe3 Rc5 28. Rxb7 Rxa5 29. Kf2 Rd5 30. Ke2 h5 31. Rb4 Rc5 32. e4 Kg7 33. Ke3 h4 34. Rb6 a5 35. Rd6 Rb5 36. Rd2 Kf6 37. Kd4 Re5 38. Re2 Ke6 39. Kxc4 Kd6 40. Kd4 Rg5 41.
Rf2 Ke6 42. c4 f6 43. c5 Rg3 44. Rc2 Kd7 45. c6+ Kc7 46. Kd5 Rd3+ 47. Ke6 Rd6+ 48.
Kf7 g5 49. Kg6 a4 50. Kf5 Kc8 51. c7 Rb6 52. e5 fxe5 53. Kxe5 Rb7 54. Kd6 Rb6+ 55.
Ke5 Rb7 56. Kf5 Rb5+ 57. Kg4 Ra5 58. Rc4 a3 59. bxa3 Rxa3 60. Kxg5 Rg3+ 61. Kxh4 Rxg2 62. Kh5 Rg1 63. h4 Rg2 64. Kh6 Rg3 65. h5 Rg4 66.
Rxg4 1-0

[Event "*** Titled Tuesday Blitz"]
[Site "Chess.com"]
[Date "2019.10.01"]
[Round "5"]
[White "Stormeman100100"]
[Black "Frolik67"]
[Result "0-1"]
[WhiteElo "2400"]
[BlackElo "2580"]
[TimeControl "180+2"]
[EndTime "14:13:47 PDT"]
[Termination "Frolik67 won by resignation"]

1. e4 d6 2. d4 g6 3. Nc3 Bg7 4. h4 e5 5. dxe5 dxe5 6. Qxd8+ Kxd8 7. Bc4 f6 8. h5 Ne7 9. Be3 c6 10. O-O-O+ Nd7 11. hxg6 hxg6 12. Rxh8+ Bxh8 13. Nf3 Kc7 14. Rh1 Bg7 15. Rh7 Bf8 16. g4 b5 17. Bf1 Kd6 18.
a4 a6 19. g5 f5 20. Bh3 f4 21. Bd2 Nc5 22. Bxc8 Rxc8 23. axb5 cxb5 24. b4 Ne6 25. Kb2 Rc4 26. Kb3 Nc6 27. Rf7 Rxb4+ 28. Ka2 Rc4 29. Kb2 Be7 30. Nd5 Rxe4 31. Nxe7 Nxe7 32. Bc3 Nc6 33.
Nd2 Re2 34. Rf6 b4 35. Nc4+ Kd5 36. Nb6+ Kc5 37. Na4+ Kd6 38. Rxg6 bxc3+ 39. Nxc3 Re1 40. Rf6 Ke7 41. Rf5 Ncd4 42. Rf6 Rg1 43. Nd5+ Kd6 44. Nc3 Kd7 45. Ne4 Nxg5 46. Rg6 Ngf3 47. Rxa6 Re1 48. Nf6+ Kc7 49. Nd5+ Kb7 50. Rb6+ Ka7 51. Rh6 Nd2 52. Kc3 Ne4+ 53. Kc4 Nxc2 54. Rh7+ Ka6 55. Rh6+ Ka5 56. Rh8 Na3+ 57. Kb3 Nb1 58. Kc4 Nbd2+ 59. Kd3 Rd1 60. f3 Nxf3+ 61. Kxe4 Ng5+ 62. Kf5 Rxd5 63. Kxg5 Kb4 64.
Kf5 Kc3 65. Ke4 Ra5 66. Rh3+ Kd2 67. Rh2+ Ke1 68. Rb2 Kf1 69. Rb3 Kg2 70. Rb2+ Kg3 71. Rb3+ Kg4 72. Rb1 Ra4+ 73. Kxe5 f3 74. Rc1 f2 0-1

[Event "*** Titled Tuesday Blitz"]
[Site "Chess.com"]
[Date "2019.10.01"]
[Round "5"]
[White "Saitama_Hero"]
[Black "Natalya_Buksa"]
[Result "0-1"]
[WhiteElo "2330"]
[BlackElo "2446"]
[TimeControl "180+2"]
[EndTime "14:13:47 PDT"]
[Termination "Natalya_Buksa won by resignation"]

1. d4 d5 2. c4 e6 3. Nf3 Nf6 4. Nc3 a6 5. e3 Nbd7 6. b3 dxc4 7. bxc4 b6 8. Bb2 Bb7 9. Bd3 Bb4 10. O-O O-O 11. Ne2 Ne4 12. Qb1 f5 13. Nf4 Qe8 14.
d5 exd5 15. Bxg7 Kxg7 16. Qxb4 c5 17. Qb2+ Kg8 18. cxd5 b5 19. Ne6 Rf7 20. Nc7 Qd8 21. Nxa8 Bxa8 22. Rad1 Rg7 23. g3 Qe7 24. Nd2 Nd6 25. Qa3 Bxd5 26. Qxa6 c4 27. Bb1 Ne5 28. Rfe1 Bb7 29. Qa7 Rf7 30. Qd4 Qe6 31. f4 Nc6 32. Qc5 Rc7 33. e4 Ne7 34. Qe5 Qxe5 35. fxe5 Nxe4 36. Nxe4 fxe4 37. Bxe4 Bxe4 38. Rxe4 Kf7 39. Red4 Ke6 40. Re1 b4 41. Rd6+ Kf5 42. Rf6+ Kg5 43.
h4+ Kh5 44. Kg2 c3 45. Kh3 Rc4 46. Rg1 Rg4 47. Rh6+ Kxh6 48. Kxg4 Nd5 49. Kf3 Kg6 50. Ke4 Nb6 51. Rf1 Nc4 52. Rf6+ Kg7 53. Rc6 Nd2+ 54. Kd5 Nf1 55. e6 Ne3+ 56. Ke4 Nf1 57. Ke5 Nxg3 58.
Rc7+ Kg6 59. Kd6 Nf5+ 60. Kd7 Kf6 61. Rc6 Ne7 62. Rc4 Nd5 63. Rd4 c2 64. Rc4 Nb6+ 0-1

[Event "*** Titled Tuesday Blitz"]
[Site "Chess.com"]
[Date "2019.10.01"]
[Round "5"]
[White "ShahMatKanal"]
[Black "politeplayer"]
[Result "1-0"]
[WhiteElo "2444"]
[BlackElo "2194"]
[TimeControl "180+2"]
[EndTime "14:13:48 PDT"]
[Termination "ShahMatKanal won on time"]

1. d4 d5 2. c4 e6 3. Nc3 Bb4 4. cxd5 exd5 5. Bf4 Nf6 6. Rc1 c5 7. a3 Bxc3+ 8. bxc3 cxd4 9. cxd4 Ne4 10. f3 Qa5+ 11.
Bd2 Nxd2 12. Qxd2 Qxd2+ 13. Kxd2 Nc6 14. e3 O-O 15. Bd3 Na5 16. Rc3 Bd7 17. Ne2 Ba4 18.
Nf4 Rfd8 19. Rb1 Bc6 20. g4 Rac8 21. h4 Nc4+ 22. Bxc4 dxc4 23. Ke2 b5 24. h5 h6 25.
d5 Bxd5 26. Rxb5 Bc6 27. Rb4 a5 28. Rb6 Ba8 29. Rb5 Rb8 30. a4 Bc6 31. Rxb8 Rxb8 32. Rxc4 Rb2+ 33. Kd3 Bxf3 34. Rc5 Bxg4 35. Rxa5 Ra2 36.
Ra8+ Kh7 37. a5 Bf3 38. Ra7 f6 39. Kd4 Ra4+ 40. Kd3 Ra3+ 41. Kd4 Ra4+ 42. Kc3 Ra3+ 43. Kd2 Ra2+ 44. Ke1 Be4 45. Ne6 Ra1+ 46. Kf2 Ra2+ 47. Kg3 Rg2+ 48. Kf4 f5 49. Nf8+ Kg8 50. Ng6 Rg4+ 51.
Ke5 Rg5 52. Nf4 Rg1 53. Rc7 Ra1 54. Rc8+ Kf7 55. Rc7+ Ke8 56. Rc5 Kd7 57. Ne6 Bd3 58. Nxg7 f4 59. exf4 1-0

[Event "*** Titled Tuesday Blitz"]
[Site "Chess.com"]
[Date "2019.10.01"]
[Round "5"]
[White "Karacsonyi_Gellert"]
[Black "Zubrrr"]
[Result "0-1"]
[WhiteElo "2532"]
[BlackElo "2702"]
[TimeControl "180+2"]
[EndTime "14:13:52 PDT"]
[Termination "Zubrrr won by resignation"]

1. e4 c5 2. Nf3 d6 3. d4 cxd4 4. Nxd4 Nf6 5. Nc3 a6 6. Bc4 e6 7. O-O Be7 8. Bb3 O-O 9. f4 Nc6 10. Be3 Qc7 11. Qf3 Nxd4 12. Bxd4 e5 13. fxe5 dxe5 14.
Qg3 Bc5 15. Bxc5 Qxc5+ 16. Kh1 Qe7 17. Rad1 Kh8 18. Rd2 Bd7 19. Rdf2 Bc6 20. Bd5 Rad8 21. Bxc6 bxc6 22. Qh4 Rd6 23. h3 Qe6 24. Rf5 Rd2 25. Qg5 Rxc2 26. Rxf6 gxf6 27. Rxf6 Qe7 28. Qf5 Rxb2 29.
a4 Rc2 30. Qf3 Rxc3 31. Qf5 Rg3 32. Kh2 Rg6 33. Rxg6 hxg6 34. Qg4 Kg7 35. Qe2 a5 36. Qc4 Qd6 37. Qe2 Qd4 38. Qg4 f5 39. Qg5 Qxe4 40.
Kh1 Rf7 41. h4 Qg4 42. Qd8 f4 43. Kh2 Qg3+ 44. Kh1 Rb7 45. Qd1 Qxh4+ 46. Kg1 Qg3 47. Kh1 Re7 48. Qe2 e4 49. Qb2+ Kh7 50. Qf6 Rg7 51. Qb2 f3 52. gxf3 Qxf3+ 53. Kg1 Qg4+ 54. Kh1 Rf7 55. Qh2+ Qh5 56. Qxh5+ gxh5 57. Kg2 Rf5 58.
Kg3 Kg6 59. Kh4 Rf4+ 60. Kg3 Kg5 61. Kh3 Rf3+ 62. Kg2 Kg4 63. Kh2 Rf2+ 64. Kg1 Kg3 0-1

[Event "*** Titled Tuesday Blitz"]
[Site "Chess.com"]
[Date "2019.10.01"]
[Round "5"]
[White "Jospem"]
[Black "Grischuk"]
[Result "1-0"]
[WhiteElo "2893"]
[BlackElo "3046"]
[TimeControl "180+2"]
[EndTime "14:13:55 PDT"]
[Termination "Jospem won by resignation"]

1. c4 g6 2. Nf3 Bg7 3. g3 c5 4. Bg2 Nc6 5. O-O e6 6. Nc3 Nge7 7. e3 O-O 8. b3 d5 9. Bb2 dxc4 10. bxc4 Qd3 11.
Na4 Bxb2 12. Nxb2 Qd6 13. Qe2 b6 14. d3 Bb7 15. Rfd1 Rad8 16. Na4 e5 17. Nc3 f5 18.
a3 h6 19. Rab1 Kh7 20. Ne1 Na5 21. Bxb7 Nxb7 22. Nb5 Qb8 23. Nf3 Na5 24. d4 cxd4 25. exd4 e4 26. d5 Rc8 27. d6 Nec6 28. Nfd4 Ne5 29. c5 Rf7 30. cxb6 axb6 31. Rbc1 Nac4 32. Rc3 Nxd6 33. Rxc8 Nxc8 34. Qa2 Qb7 35. Ne6 Qe7 36. Nf4 Na7 37. Nd6 Rg7 38. Ne6 Rg8 39. Nf4 Nac6 40.
Qd5 Nf3+ 41. Kg2 Nce5 42. Rb1 Ng4 43. h3 Nf6 44. Qd1 Ne5 45. Rxb6 Rg7 46. Rb7 Nfd7 47. a4 e3 48. fxe3 Nc6 49. Qd5 Nd8 50. Rb3 Nf6 51.
Qc5 Ne6 52. Qe5 Nxf4+ 53. gxf4 Qd8 54. Rc3 Qa8+ 55. Kh2 Nd7 56. Qd4 Qf3 57. Rc2 Re7 58. Nc4 Nf8 59. a5 Ne6 60. Qf6 Qd1 61. Rg2 Nxf4 62.
Qxe7+ 1-0

[Event "*** Titled Tuesday Blitz"]
[Site "Chess.com"]
[Date "2019.10.01"]
[Round "5"]
[White "Orest_Vovk"]
[Black "SoltaniciR"]
[Result "1/2-1/2"]
[WhiteElo "2417"]
[BlackElo "2574"]
[TimeControl "180+2"]
[EndTime "14:13:55 PDT"]
[Termination "Game drawn - insufficient material"]

1. d4 Nf6 2. Nf3 e6 3. Bg5 c5 4. c3 Qb6 5. Qb3 Nc6 6. e3 d5 7. Na3 Ne4 8. Bf4 Bd6 9. Bxd6 Nxd6 10. Qxb6 axb6 11. Nb5 Nxb5 12. Bxb5 Bd7 13. Kd2 Ke7 14.
a3 Na5 15. Bxd7 Nb3+ 16. Ke2 Nxa1 17. Bxe6 fxe6 18. Rxa1 Rhf8 19. Ne5 g5 20. f3 h5 21. Ng6+ Kd6 22. Nxf8 Rxf8 23. a4 Ra8 24. b4 cxb4 25.
cxb4 Rc8 26. Kd3 Rc4 27. Rb1 e5 28. dxe5+ Kxe5 29. Rb2 g4 30. a5 b5 31. h3 gxf3 32.
gxf3 Ke6 33. Rg2 Rxb4 34. Rg6+ Kf5 35. Rb6 Ke5 36. f4+ Kf5 37. Rxb7 d4 38. exd4 Kxf4 39.
a6 Ra4 40. Rxb5 Rxa6 41. Rxh5 Ra1 42. Rh8 Kf5 43. Kc4 Ke6 44. d5+ Kd7 45. Rh7+ Kd6 46.
Rh6+ Kd7 47. d6 Ra5 48. h4 Rf5 49. h5 Ra5 50. Kd4 Rb5 51. Ke4 Ra5 52. Kf4 Rb5 53. Kg4 Rb4+ 54. Kf5 Rb5+ 55. Kf6 Kxd6 56. Kf7+ Kd7 57. Rh7 Rf5+ 58. Kg8+ Ke6 59. h6 Ra5 60.
Rb7 Kf6 61. Rf7+ Kg6 62. h7 Ra8+ 63. Rf8 Rxf8+ 64. Kxf8 Kxh7 1/2-1/2

[Event "*** Titled Tuesday Blitz"]
[Site "Chess.com"]
[Date "2019.10.01"]
[Round "5"]
[White "CastleOasisChess"]
[Black "Roenko_Artur"]
[Result "0-1"]
[WhiteElo "2003"]
[BlackElo "2250"]
[TimeControl "180+2"]
[EndTime "14:13:56 PDT"]
[Termination "Roenko_Artur won by resignation"]

1. d4 d5 2. e3 e6 3. Bd3 c5 4.
c3 Nc6 5. Nd2 Nf6 6. f4 Bd6 7. g3 b6 8. Ngf3 Bb7 9. Ne5 Ne7 10. O-O O-O 11. Qf3 Qc7 12. Qg2 Nf5 13. Re1 Be7 14. g4 Nd6 15. g5 Nfe4 16. h4 f6 17. gxf6 Bxf6 18. Ndf3 Nf5 19. Qh2 Qe7 20. Ng5 Bxe5 21. dxe5 Rad8 22. Re2 c4 23. Bc2 Kh8 24. Rg2 b5 25. a3 a5 26. Bd2 Nxd2 27. Rxd2 Nxe3 28.
Bxh7 d4 29. Be4 dxc3 30. bxc3 Ng4 31. Qe2 Rxd2 32. Qxd2 Bxe4 33. Nxe4 Qxh4 34. Qg2 Rxf4 35. Ng3 Rf2 36. Qa8+ Kh7 37. Qh1 Qxh1+ 38. Nxh1 Rc2 39. Rb1 Nxe5 40. Rxb5 Nf3+ 41. Kf1 Rxc3 42. Nf2 Rxa3 43. Ng4 c3 44. Rh5+ Kg6 45. Rc5 Nd2+ 46. Ke1 Ra1+ 47. Ke2 Ra3 48. Ne5+ Kf6 49. Nd3 Ne4 50. Rc4 Nd6 51.
Rf4+ Nf5 52. Kd1 e5 53. Rf2 Ra1+ 54. Kc2 Ra2+ 55. Kxc3 Rxf2 56. Nxf2 Nd6 57. Kb3 e4 58. Ka4 e3 59. Nd3 Kf5 60. Kxa5 Ke4 61. Ne1 e2 62. Kb4 Ke3 63. Kc3 Ne4+ 64. Kc4 Kf2 65. Nd3+ Kf1 66. Kd4 Nf2 0-1

[Event "*** Titled Tuesday Blitz"]
[Site "Chess.com"]
[Date "2019.10.01"]
[Round "5"]
[White "MoonlighT89"]
[Black "TrimitziosP7"]
[Result "1-0"]
[WhiteElo "2558"]
[BlackElo "2755"]
[TimeControl "180+2"]
[EndTime "14:14:09 PDT"]
[Termination "MoonlighT89 won on time"]

1. e4 e5 2. Nf3 Nc6 3. d4 exd4 4. Nxd4 Nf6 5. Nc3 Bb4 6. Nxc6 bxc6 7. Bd3 O-O 8. O-O d5 9. exd5 cxd5 10. Qf3 c6 11. h3 h6 12. Ne2 Bd6 13. Bf4 Be6 14.
Nd4 c5 15. Nxe6 fxe6 16. Bxd6 Qxd6 17. c4 d4 18. Rfe1 Rae8 19. Qe2 e5 20. Be4 Nxe4 21. Qxe4 Rf4 22. Qxf4 exf4 23. Rxe8+ Kh7 24. Re4 f3 25. gxf3 Qg6+ 26. Kh2 Qf5 27. Kg2 Qg5+ 28. Kh2 Qd2 29. Rg1 Qxf2+ 30. Rg2 Qxf3 31. Re7 Qf4+ 32. Kg1 Qc1+ 33.
Kh2 Qxc4 34. Rxa7 d3 35. Rgxg7+ Kh8 36. Rgd7 Qf4+ 37. Kg2 Qe4+ 38. Kg3 Qe3+ 39. Kg2 Qg5+ 40. Kf3 Qf5+ 41. Ke3 Qxh3+ 42. Kd2 Qg2+ 43. Kxd3 Qf3+ 44. Kc4 Qf4+ 45. Kxc5 Qf5+ 46. Kc6 Qf3+ 47. Kc7 Qf4+ 48. Kc8 Qc4+ 49. Rac7 Qa6+ 50. Kd8 Qf6+ 51. Kc8 Qa6+ 52. Kb8 Qb6+ 53. Rb7 Qf6 54. Rdc7 Qe5 55. Ka8 Qa5+ 56.
Ra7 Qd5+ 57. Kb8 Qb5+ 58. Rab7 Qe5 59. a4 h5 60. a5 h4 61. a6 h3 62. Ka8 Qe8+ 63.
Rb8 Qxb8+ 64. Kxb8 h2 65. Rc1 1-0

[Event "*** Titled Tuesday Blitz"]
[Site "Chess.com"]
[Date "2019.10.01"]
[Round "5"]
[White "ckgchess"]
[Black "mbojan"]
[Result "0-1"]
[WhiteElo "2699"]
[BlackElo "2560"]
[TimeControl "180+2"]
[EndTime "14:14:11 PDT"]
[Termination "mbojan won by resignation"]

1. e4 c5 2. c3 d5 3. exd5 Qxd5 4. d4 Nf6 5. Nf3 e6 6. Bd3 Nc6 7. O-O cxd4 8. cxd4 Be7 9. Nc3 Qd8 10. a3 O-O 11. Bg5 b6 12. Bc2 Bb7 13. Qd3 g6 14. Rad1 Nd5 15.
Bh6 Re8 16. Rfe1 Rc8 17. Ba4 a6 18. Bb3 Na5 19. Bxd5 Bxd5 20. Nxd5 Qxd5 21. Qxa6 Nc4 22. Ne5 Nxb2 23. Rb1 Nc4 24. Rec1 Nd6 25. Qxb6 Rxc1+ 26. Rxc1 Nf5 27. Be3 Bxa3 28. Rc7 Bd6 29. Rd7 Qa2 30. h3 Bxe5 31. dxe5 Qa1+ 32. Kh2 Qxe5+ 33. g3 Nxe3 34. Qxe3 Qxe3 35. fxe3 Kg7 36. Kg2 Ra8 37. Kf3 Ra1 38. h4 h5 39. Rb7 Kf6 40. Rc7 Rf1+ 41. Kg2 Ra1 42. Kf3 Ra4 43. Rb7 e5 44. Rb6+ Kf5 45.
Rb5 f6 46. Rc5 g5 47. hxg5 fxg5 48. Rb5 g4+ 49. Ke2 Ra2+ 50. Kd3 Rg2 51. e4+ Kf6 52. Rb6+ Kg5 53. Kc4 Rxg3 54. Kd5 Ra3 55. Kxe5 g3 56. Rb8 Ra5+ 57. Kd4 h4 58. Ke3 Ra3+ 59. Ke2 Kf4 60. Rh8 Ra2+ 61. Kf1 Kf3 62. Rf8+ Kg4 63. e5 h3 64.
Rg8+ Kf3 65. Rf8+ Ke3 66. Kg1 Ra1+ 67. Rf1 Rxf1+ 68. Kxf1 Kf3 69. e6 g2+ 70. Ke1 g1=Q+ 0-1

[Event "*** Titled Tuesday Blitz"]
[Site "Chess.com"]
[Date "2019.10.01"]
[Round "5"]
[White "FMJoseHerrera"]
[Black "Rsnr"]
[Result "0-1"]
[WhiteElo "2526"]
[BlackElo "2772"]
[TimeControl "180+2"]
[EndTime "14:14:14 PDT"]
[Termination "Rsnr won on time"]

1. Nf3 d5 2. g3 c6 3. Bg2 Bf5 4.
d3 e6 5. O-O h6 6. c3 Nf6 7. Qb3 Qb6 8. Be3 Qxb3 9. axb3 a6 10. b4 Nbd7 11. Nbd2 Bd6 12. Nb3 Bc7 13. Na5 Bxa5 14. bxa5 O-O 15. Ra3 Ng4 16. Bd2 e5 17. Rb3 Rab8 18. Rb4 c5 19. Ra4 Ngf6 20. d4 e4 21. Ne1 b5 22. Ra1 cxd4 23. cxd4 Rfc8 24.
Bf4 Rb7 25. f3 Rc4 26. b3 Rc3 27. fxe4 Bxe4 28. Bh3 Rxb3 29. Rc1 Ra3 30. Rc8+ Kh7 31. Nd3 b4 32. Nc5 Nxc5 33. dxc5 Rc3 34. c6 Rb5 35.
Be5 Rc2 36. c7 Rbc5 37. Rb8 Rxc7 38. Bxc7 Rxc7 39. Rxb4 Rc5 40. Ra4 Rc2 41. Kf2 Bd3 42.
Ke3 Be4 43. Bf5+ Bxf5 44. Rxf5 Kg6 45. Re5 Rc1 46. Re7 Rc6 47. Ra7 Ne4 48. Kd4 Nc3 49.
Rb4 Nb5+ 50. Rxb5 axb5 51. Kxd5 Rc2 52. Rb7 Rxe2 53. Kc5 Rxh2 54. Rxb5 Ra2 55. Rb6+ Kg5 56. a6 Kg4 57. Kd4 Kxg3 58. Ke4 g5 59. Kf5 Ra5+ 60.
Kf6 h5 61. a7 g4 62. Rb3+ Kh4 63. Rb7 g3 64. Rxf7 Kh3 65. Rg7 h4 0-1

[Event "*** Titled Tuesday Blitz"]
[Site "Chess.com"]
[Date "2019.10.01"]
[Round "5"]
[White "JSPrepz"]
[Black "Darhild"]
[Result "0-1"]
[WhiteElo "2812"]
[BlackElo "2643"]
[TimeControl "180+2"]
[EndTime "14:14:18 PDT"]
[Termination "Darhild won by checkmate"]

1. e4 c5 2. Nf3 d6 3. Nc3 Nf6 4. e5 dxe5 5. Nxe5 a6 6. g3 Nbd7 7. d4 cxd4 8. Qxd4 Nxe5 9. Qxe5 Qb6 10. Qe2 Bg4 11. f3 Bd7 12. Bg2 e6 13. a3 Rc8 14. f4 Bc5 15. Bf3 O-O 16. Kf1 Bd4 17. Kg2 Bxc3 18. bxc3 Rxc3 19. Re1 Rfc8 20. Be3 Qc7 21. Kg1 Bc6 22. Rac1 Bxf3 23. Qxf3 Nd5 24. Kg2 Qc6 25. Kf2 Nxe3 26. Rxe3 Rxc2+ 27. Rxc2 Qxf3+ 28. Kxf3 Rxc2 29. Rd3 g6 30. g4 h6 31. h4 Kf8 32.
Rd8+ Kg7 33. Rd3 Rc4 34. Kg3 b5 35. Rb3 Kf6 36. Re3 a5 37. Re5 Rc3+ 38. Kg2 Rb3 39. Rc5 a4 40. Kf2 Ke7 41. Rc7+ Kd6 42. Rxf7 Rxa3 43.
h5 gxh5 44. g5 hxg5 45. fxg5 Ra2+ 46. Kf3 Ra1 47. Kf2 Ra2+ 48. Kf3 h4 49. g6 Ra3+ 50. Kf2 Rg3 51. g7 a3 52. Ra7 b4 53. Ra4 Kc5 54. Ra7 Kc4 55. Ra8 Kb3 56. g8=Q Rxg8 57. Rxg8 a2 58.
Rg1 Kb2 59. Kf3 a1=Q 60. Rg2+ Kb3 61. Kg4 Qd4+ 62. Kh3 e5 63. Kh2 Qf4+ 64. Kh1 Qf3 65. Kg1 Qxg2+ 66. Kxg2 Kc2 67. Kf2 b3 68. Kg2 b2 69.
Kh2 b1=Q 70. Kh3 Qf1+ 71. Kh2 Qf4+ 72. Kg1 Kd2 73. Kh1 Ke2 74. Kg2 Qg3+ 75. Kh1 Qg4 76.
Kh2 Kf2 77. Kh1 Qg2# 0-1

[Event "*** Titled Tuesday Blitz"]
[Site "Chess.com"]
[Date "2019.10.01"]
[Round "5"]
[White "MarcoRiehle"]
[Black "VerdeNotte"]
[Result "0-1"]
[WhiteElo "2587"]
[BlackElo "2771"]
[TimeControl "180+2"]
[EndTime "14:14:25 PDT"]
[Termination "VerdeNotte won on time"]

1. e4 d6 2. d4 Nf6 3. f3 c5 4. Ne2 cxd4 5. Nxd4 g6 6. c4 Nc6 7. Be3 Bg7 8. Qd2 O-O 9. Nc3 a5 10. b3 a4 11. Nxa4 Bd7 12. Nc3 Na5 13. Rc1 Re8 14.
Be2 Nc6 15. O-O Qa5 16. Rfd1 Nb4 17. a4 Na6 18. Ncb5 Qxd2 19. Rxd2 Nc5 20. Nc7 e5 21. Nxe8 Nxe8 22. Bd1 exd4 23. Bxd4 Bh6 24. Bc3 f5 25. exf5 Bxf5 26. b4 Bxd2 27. Bxd2 Nxa4 28. c5 dxc5 29. bxc5 Be6 30. Kf2 Nb2 31. Be2 Ra2 32. Rc2 Na4 33.
Rxa2 Bxa2 34. Bb5 Nxc5 35. Bxe8 Bc4 36. Be3 Nd3+ 37. Kg3 b5 38. Bd4 b4 39. h4 b3 40.
h5 gxh5 41. Bxh5 b2 42. Bxb2 Nxb2 43. Bg4 Nd3 44. Bf5 Kg7 45. Kh4 Ne1 46. Kg3 h6 47. Kf2 Nd3+ 48. Ke3 Nb4 49. g4 Nc6 50. f4 Ne7 51.
Bd7 Nd5+ 52. Kf3 Nf6 53. Bf5 Bd5+ 54. Kg3 Be4 55. Be6 Bd5 56. Bf5 Ne4+ 57. Kh4 Nd6 58.
Bd7 Bf3 59. g5 h5 60. f5 Kf7 61. Be6+ Ke7 62. Kg3 Bd1 63. Kh4 Bg4 64. Kg3 Nxf5+ 0-1

[Event "*** Titled Tuesday Blitz"]
[Site "Chess.com"]
[Date "2019.10.01"]
[Round "5"]
[White "SCIM"]
[Black "anon132639"]
[Result "0-1"]
[WhiteElo "2500"]
[BlackElo "2684"]
[TimeControl "180+2"]
[EndTime "14:14:34 PDT"]
[Termination "anon132639 won by resignation"]

1. d4 Nf6 2. c4 g6 3. Nc3 Bg7 4. e4 O-O 5. Bg5 d6 6. f3 c5 7.
d5 Nbd7 8. Nh3 Ne5 9. Nf2 h6 10. Be3 e6 11. Be2 exd5 12. cxd5 a6 13. a4 Qb6 14.
Qd2 Qb4 15. O-O h5 16. Rfc1 Bd7 17. h3 b5 18. axb5 axb5 19. Nxb5 Qxd2 20. Bxd2 Bxb5 21. Bxb5 Rfb8 22. Rxa8 Rxa8 23. Bc3 Ned7 24. Bc6 Ra2 25. Nd3 Nb6 26. Bb5 Nfd7 27. Bxg7 Kxg7 28. Rc3 Ra1+ 29.
Kf2 Rb1 30. Rc1 Rxc1 31. Nxc1 Ne5 32. Ke2 g5 33. Nd3 Ng6 34. Ke3 f6 35. b3 h4 36. Be8 Ne5 37. Nxe5 fxe5 38. Kd3 Kf6 39. Kc3 Nc8 40. Bd7 Ne7 41. b4 cxb4+ 42. Kxb4 Ng6 43. Kc3 Nf4 44. Kd2 Nxg2 45. Ke2 Nf4+ 46.
Kf2 Ke7 47. Bg4 Kd8 48. Ke3 Kc7 49. Bf5 Kb6 50. Bg4 Kc5 51. Bf5 Kc4 52. Bg4 Kc3 53.
Bf5 Kc2 54. Kf2 Kd2 55. Bg4 Nd3+ 56. Kf1 Ke3 57. Bh5 Kf4 58. Kg2 Ke3 59. Kf1 Nf2 60. Kg2 Nd1 61. f4 gxf4 62. Bxd1 Kxe4 63. Kf2 Kxd5 64.
Kf3 Kd4 65. Kg4 Ke3 66. Kxh4 d5 67. Kg4 e4 68. h4 f3 69. Ba4 d4 70. h5 f2 71. Bb5 d3 72. h6 f1=Q 0-1

[Event "*** Titled Tuesday Blitz"]
[Site "Chess.com"]
[Date "2019.10.01"]
[Round "5"]
[White "Didici"]
[Black "AntonSmirnov"]
[Result "1/2-1/2"]
[WhiteElo "2638"]
[BlackElo "2903"]
[TimeControl "180+2"]
[EndTime "14:15:00 PDT"]
[Termination "Game drawn by repetition"]

1. d4 d5 2. c4 c6 3. Nc3 dxc4 4. e4 b5 5. a4 b4 6. Nce2 e6 7. Ng3 Ba6 8. Nf3 Nf6 9. Ne5 c5 10. Bxc4 Qxd4 11. Qe2 Qxe5 12. Bxa6 Nxa6 13. Qxa6 Qc7 14. Bf4 Qb6 15. Qb5+ Nd7 16. O-O Be7 17. Rfd1 Qxb5 18. axb5 c4 19. Bc7 Bc5 20. Rac1 Rc8 21. Ba5 Ne5 22.
Kf1 O-O 23. Ne2 h5 24. h3 f5 25. exf5 Rxf5 26. f3 Be3 27. Rc2 Bc5 28. Nd4 Rf6 29.
Nc6 Nxc6 30. bxc6 c3 31. bxc3 b3 32. Rb2 Rxc6 33. Rxb3 Rf7 34. Rb8+ Kh7 35. Ke2 Ra6 36. Bb4 Bb6 37. Rc8 Ra2+ 38. Rd2 Ra1 39. Rc6 Rg1 40. Kd3 Rd7+ 41. Rd6 Rxd6+ 42. Bxd6 Kg6 43. c4 Rc1 44.
Ba3 Ra1 45. Bd6 Ra5 46. Rc2 Kf7 47. c5 Bd8 48. c6 Rd5+ 49. Ke4 Rxd6 50. c7 Bxc7 51.
Rxc7+ Kf6 52. Rxa7 h4 53. Ra2 Rb6 54. Re2 Rb4+ 55. Ke3 Kf5 56. Kf2 Rb1 57. Ra2 e5 58. Ra4 Rb2+ 59. Kg1 g5 60. Kh2 Rd2 61. Re4 Rd4 62.
Re2 Kf4 63. Ra2 Ke3 64. Ra5 Kf4 65. Ra8 Rd2 66. Rf8+ Ke3 67. Rf5 e4 68. fxe4 Rd4 69. e5 g4 70. hxg4 Rxg4 71. e6 Re4 72. Rf6 Kd4 73.
Kh3 Kd5 74. Rg6 Kd6 75. Rh6 Ke7 76. Rxh4 Rxe6 77. Rf4 Rh6+ 78. Kg3 Rg6+ 79. Kh3 Rh6+ 80. Rh4 Ra6 81. Rf4 Rh6+ 1/2-1/2

[Event "*** Titled Tuesday Blitz"]
[Site "Chess.com"]
[Date "2019.10.01"]
[Round "5"]
[White "NemtsevIgor"]
[Black "heyiampotato"]
[Result "1/2-1/2"]
[WhiteElo "2311"]
[BlackElo "2514"]
[TimeControl "180+2"]
[EndTime "14:15:09 PDT"]
[Termination "Game drawn - insufficient material"]

1. d4 Nf6 2. Bf4 d5 3. e3 c5 4.
c3 Qb6 5. Qb3 Nc6 6. Nd2 Bf5 7.
dxc5 Qxb3 8. Nxb3 e5 9. Bg5 a5 10. Bxf6 gxf6 11. O-O-O Be6 12. a4 d4 13. Nxd4 exd4 14.
exd4 O-O-O 15. Bb5 Bb3 16. Re1 Bh6+ 17. Kb1 Rhe8 18.
Nf3 Bd5 19. Kc2 Re6 20. Bd3 Kc7 21. Bxh7 Rde8 22. Bf5 Rxe1 23. Rxe1 Rg8 24. Be4 Bxe4+ 25. Rxe4 Rxg2 26. Kb3 Rxf2 27. Nh4 f5 28. Re1 Rf4 29. Ng2 Rg4 30. Re2 f4 31. Rf2 f3 32.
Ne1 Re4 33. Nxf3 Rf4 34. Rf1 Rf5 35. Kc4 Ne7 36. Kb5 Nd5 37. Kxa5 Ne3 38. Rf2 Bg5 39. h4 Bxh4 40. Rh2 Bg3 41. Rh7 Rxf3 42. b4 Nd5 43.
b5 Nxc3 44. Kb4 Nd5+ 45. Kc4 Ne3+ 46. Kb4 Ng4 47. Rh8 f5 48. d5 Be5 49. Rh7+ Kc8 50.
d6 Rf4+ 51. Ka5 Bxd6 52. cxd6 Rd4 53. Rf7 Ne3 54. Re7 f4 55. Rf7 Ng2 56. Rg7 f3 57. Rf7 Ne1 58. Kb6 Rxd6+ 59. Kc5 Rg6 60. b6 Rg2 61.
Kd6 Rd2+ 62. Ke6 f2 63. Rf8+ Rd8 64. Rxf2 Nd3 65. Rc2+ Nc5+ 66. Ke7 Kb8 67. Rxc5 Rd4 68. a5 Re4+ 69. Kd6 Rd4+ 70. Rd5 Ra4 71. Ke7 Re4+ 72.
Kf6 Rf4+ 73. Ke5 Rf8 74. Rd7 Rh8 75. Re7 Rh5+ 76. Kd6 Rh8 77. Kd7 Rg8 78. Re8+ Rxe8 79. Kxe8 Kc8 80. Ke7 Kb8 81. Kd8 Ka8 82. a6 Kb8 83. Kd7 bxa6 84. Kc6 Kc8 85. b7+ Kb8 86. Kb6 a5 87. Kxa5 Kxb7 1/2-1/2